 Dungeon Crawl Stone Soup version 0.17-a0-1534-gf98da79 (webtiles) character file.

3112 urechis the Conjurer (level 9, -6/78 HPs)
             Began as a Gargoyle Wizard on July 17, 2015.
             Was a Follower of Vehumet.
             Mangled by Joseph the crocodile (8 damage)
             ... on level 7 of the Dungeon.
             The game lasted 00:47:04 (8580 turns).

urechis the Conjurer (Gargoyle Wizard)              Turns: 8580, Time: 00:47:04

Health: -6/78      AC: 13    Str: 15    XL:     9   Next: 91%
Magic:  2/17       EV: 12    Int: 23    God:    Vehumet [*.....]
Gold:   289        SH:  0    Dex:  8    Spells: 5 memorised, 8 levels left

rFire  . . .     SeeInvis .     a - +3 quarterstaff (chaos)
rCold  . . .     Clarity  .     w - +0 robe
rNeg   + . .     SustAt   +     (no shield)
rPois  ∞         Gourm    +     k - +0 helmet (curse)
rElec  +         Spirit   .     x - +2 cloak
rCorr  .         Warding  .     (no gloves)
rMut   .         Stasis   .     o - +0 pair of boots
MR     .....                    g - amulet of the gourmand
Stlth  ..........               (no ring)
                                m - ring of sustain attributes

@: berserking, very slightly contaminated, very quick, not resistant to hostile
enchantments, extremely unstealthy
A: negative energy resistance 1, electricity resistance, unbreathing,
petrification resistance, rot immunity, AC +5
a: Renounce Religion


You were on level 7 of the Dungeon.
You worshipped Vehumet.
Vehumet was aware of your devotion.
You were very full.

You visited 2 branches of the dungeon, and saw 8 of its levels.

You collected 289 gold pieces.

Inventory:

Hand weapons
 a - a +3 quarterstaff of chaos (weapon)
 b - a +0 blowgun
Missiles
 y - 8 poisoned needles
Armour
 k - a cursed +0 helmet (worn)
 o - a +0 pair of boots (worn)
 w - a +0 robe (worn)
 x - a +2 cloak (worn)
 H - a +0 shield
Magical staves
 F - an uncursed staff of poison
Jewellery
 f - an uncursed amulet of stasis
 g - an amulet of the gourmand (around neck)
 m - a ring of sustain attributes (left hand)
Magical devices
 E - a wand of polymorph (2)
 G - a wand of magic darts (39)
 I - a wand of digging (7)
Scrolls
 e - 7 scrolls of remove curse {unknown}
 h - 2 scrolls of amnesia {unknown}
 i - 2 scrolls of teleportation {unknown}
 j - 2 scrolls of fear {unknown}
 l - 2 scrolls of magic mapping {unknown}
 n - 4 scrolls of identify {unknown}
 r - a scroll of noise {unknown}
 s - 3 scrolls of blinking {unknown}
 t - 3 scrolls of enchant weapon {unknown}
 z - a scroll of random uselessness {unknown}
 D - 3 scrolls of recharging {unknown}
Potions
 u - a potion of beneficial mutation {unknown}
 v - a potion of degeneration {unknown}
 A - a potion of curing {unknown}
 B - a potion of berserk rage
Books
 c - a book of Minor Magic

   Spells                             Type                      Level
   a - Magic Dart                     Conjuration                  1
   b - Blink                          Translocation                2
   c - Call Imp                       Summoning                    2
   d - Repel Missiles                 Charms/Air                   2
   e - Slow                           Hexes                        2
   f - Conjure Flame                  Conjuration/Fire             3
   g - Mephitic Cloud                 Conjuration/Poison/Air       3
Comestibles
 d - 5 bread rations
 p - 4 meat rations
 q - a beef jerky
 C - a slice of pizza


   Skills:
 + Level 3.9 Fighting
 + Level 3.1 Staves
 + Level 4.5 Armour
 + Level 3.5 Dodging
 - Level 2.1 Stealth
 + Level 1.4 Shields
 + Level 5.6 Spellcasting
 + Level 7.4 Conjurations
   Level 0.8 Summonings
 - Level 0.8 Translocations
 + Level 3.7 Fire Magic
 + Level 3.1 Air Magic
 + Level 3.0 Evocations


You had 8 spell levels left.
You knew the following spells:

 Your Spells              Type           Power        Failure   Level  Hunger
a - Magic Dart            Conj           ####         1%          1    None
b - Mephitic Cloud        Conj/Pois/Air  ###.....     10%         3    ##.....
c - Repel Missiles        Chrm/Air       ##....       10%         2    None
d - Conjure Flame         Conj/Fire      ####....     3%          3    ##.....
e - Blink                 Tloc           N/A          12%         2    None


Dungeon Overview and Level Annotations

Branches:
Dungeon (7/15)             Temple (1/1) D:5

Altars:
Ashenzari
Cheibriados
Dithmenos
Elyvilon
Fedhas
Gozag
Kikubaaqudgha
Makhleb
Nemelex Xobeh
Okawaru
Qazlal
Ru
Sif Muna
Trog
Vehumet
Yredelemnul
Zin
The Shining One

Annotations:
D:7 Joseph


Innate Abilities, Weirdness & Mutations

You are resistant to torment.
Your stone body is resilient (AC +5).
You are immune to poison.
You resist negative energy.
You are resistant to electric shocks.
You can survive without breathing.
You are immune to petrification.
You are immune to rotting.


Message History

Drink which item? (? for menu, Esc to quit)
It was a potion of berserk rage.
A red film seems to cover your vision as you go berserk!
You feel yourself moving faster!
You feel mighty! The killer bee barely misses you.
The killer bee closely misses you.
You thump the killer bee! You burn the killer bee.
You kill the killer bee!
Vehumet accepts your kill.
You hit Joseph.
Joseph is poisoned.
Joseph is moderately wounded.
Joseph barely misses you.
You barely miss Joseph.
Joseph is moderately wounded.
You closely miss Joseph.
Joseph is moderately wounded.
Joseph misses you.
You hit Joseph.
Joseph is heavily wounded.
Joseph bites you!
You die...

###.## ###. #....# ## #.#.†#
######>#.)# #### ##.........#
##... ##.##......## #....
.#.##.#.....# #..##
......#....########## #..##
.#.####........t@...# #..##
##........#########.#### #...#
..#######.# #.......# #.#.# #.#
##'## #.##.##.# #.#.# #.# ##...##
#.##.##.# #.#.# #.# ##.....##
#....##.# #....
....##.....†.###..#.##.# ###.#
..#.#........)##.....#.########..
....'.......()†(.................


You could see Joseph the crocodile.

Vanquished Creatures
  Pikel (D:7)
  A wyvern (D:7)
  A hippogriff (D:7)
  Menkaure (D:7)
  Duvessa (D:7)
  An orc warrior (D:6)
  A sky beast (D:6)
  3 slaves (D:7)
  A necrophage (D:6)
  A centaur (D:5)
  4 giant frogs
  5 ogres
  A big kobold (D:7)
  Dowan (D:7)
  A scorpion (D:4)
  3 killer bees (D:7)
  4 giant frog skeletons
  5 hounds
  Crazy Yiuf (D:5)
  2 iguanas
  2 orc wizards
  3 orc priests
  3 worker ants
  3 gnolls (D:5)
  6 adders
  A shadow imp (D:7)
  3 oozes
  An adder zombie (D:6)
  2 adder skeletons
  7 worms
  8 giant geckos
  31 orcs
  19 bats
  A bat zombie (D:6)
  15 goblins
  12 hobgoblins
  4 jackals (D:1)
  19 kobolds
  8 quokkas
  2 ball pythons
  9 giant cockroaches
  5 giant newts
  A jackal skeleton (D:7)
  18 rats
  A rat (shapeshifter) (D:5)
223 creatures vanquished.

Vanquished Creatures (collateral kills)
  A killer bee (D:7)
  A kobold (D:6)
2 creatures vanquished.

Grand Total: 225 creatures vanquished

Notes
Turn   | Place    | Note
--------------------------------------------------------------
     0 | D:1      | urechis the Gargoyle Wizard began the quest for the Orb.
     0 | D:1      | Reached XP level 1. HP: 10/10 MP: 4/4
   170 | D:1      | Reached XP level 2. HP: 15/15 MP: 3/6
   846 | D:1      | Reached XP level 3. HP: 19/19 MP: 7/7
  1100 | D:2      | Learned a level 3 spell: Mephitic Cloud
  1104 | D:2      | Learned a level 2 spell: Repel Missiles
  1516 | D:2      | Reached XP level 4. HP: 24/24 MP: 1/8
  1586 | D:2      | Learned a level 3 spell: Conjure Flame
  1648 | D:2      | You fall through a shaft!
  1845 | D:3      | Reached skill level 4 in Conjurations
  2262 | D:2      | Reached XP level 5. HP: 26/28 MP: 10/10
  2595 | D:2      | Found a bloodstained altar of Trog.
  2804 | D:3      | Found a shadowy altar of Dithmenos.
  2861 | D:3      | Found a blossoming altar of Fedhas.
  3475 | D:3      | Reached skill level 5 in Conjurations
  4012 | D:3      | Reached XP level 6. HP: 20/32 MP: 2/12
  4563 | D:4      | Reached skill level 1 in Fighting
  4776 | D:4      | Reached skill level 1 in Fire Magic
  4861 | D:5      | Entered Level 5 of the Dungeon
  4873 | D:5      | Reached skill level 1 in Armour
  4873 | D:5      | Reached XP level 7. HP: 30/38 MP: 5/13
  4950 | D:5      | Found a staircase to the Ecumenical Temple.
  4959 | Temple   | Entered the Ecumenical Temple
  5206 | D:5      | Reached skill level 1 in Air Magic
  5776 | D:5      | Reached skill level 1 in Evocations
  5841 | D:5      | Noticed Crazy Yiuf
  5847 | D:5      | Killed Crazy Yiuf
  5938 | D:5      | HP: 2/40 [something (11)]
  6562 | D:6      | Learned a level 2 spell: Blink
  6611 | D:6      | Found a bloodstained altar of Trog.
  6769 | D:6      | Reached skill level 1 in Staves
  6769 | D:6      | Reached skill level 6 in Conjurations
  6769 | D:6      | Reached XP level 8. HP: 25/44 MP: 7/15
  7373 | D:6      | Found a radiant altar of Vehumet.
  7388 | D:6      | Became a worshipper of Vehumet
  7510 | D:6      | Reached skill level 5 in Spellcasting
  7672 | D:7      | Noticed Menkaure
  7793 | D:7      | Reached XP level 9. HP: 42/50 MP: 13/16
  7807 | D:7      | Found a stormy altar of Qazlal.
  7809 | D:7      | Got a shimmering falchion
  7810 | D:7      | Identified the +5 falchion "Raisin" {elec, rC+} (You found it on level 7 of the Dungeon)
  7828 | D:7      | Reached skill level 7 in Conjurations
  7844 | D:7      | Noticed Dowan
  7926 | D:7      | Noticed Duvessa
  7969 | D:7      | Killed Menkaure
  8069 | D:7      | Found a sparkling altar of Nemelex Xobeh.
  8121 | D:7      | Killed Dowan
  8136 | D:7      | Killed Duvessa
  8232 | D:7      | Noticed Pikel
  8273 | D:7      | Killed Pikel
  8273 | D:7      | Reached skill level 1 in Shields
  8467 | D:7      | Acquired Vehumet's first power
  8467 | D:7      | Offered knowledge of Freeze by Vehumet.
  8520 | D:7      | Noticed Joseph
  8549 | D:7      | Noticed Joseph
  8549 | D:7      | Joseph changed into Joseph the crocodile
  8574 | D:7      | HP: 1/52 [killer bee (5)]
  8580 | D:7      | Mangled by Joseph the crocodile

Vault maps used:
D:1:      ncdulo_wetmaze, st_stairs_14, kennysheep_decorative_pillar
D:2:      minmay_item_behind_shaft, trog_butcher_becter
D:3:      lemuel_round_altar, lemuel_round_altar
D:4:      due_unseen_surprise
D:5:      temple_statues, first_bread, gup_sewer_entry_spiral,
          uniq_crazy_yiuf_cottage
D:6:      kennysheep_mini_moat, lemuel_round_altar
D:7:      lemuel_crystal_altar, basic_altar, uniq_pikel, uniq_menkaure,
          uniq_joseph, uniq_duvessa
Temple:   circular_temple_12

Action                   |  1- 3 |  4- 6 |  7- 9 || total
-------------------------+-------+-------+-------++-------
Melee: Unarmed           |    11 |       |       ||    11
       Short sword       |    76 |   230 |    33 ||   339
       Quarterstaff      |       |       |   219 ||   219
       Staff             |       |       |    10 ||    10
       Falchion          |       |       |    12 ||    12
 Cast: Magic Dart        |    60 |   160 |   157 ||   377
       Mephitic Cloud    |       |     4 |    34 ||    38
  Use: Potion            |       |       |     2 ||     2
 Stab: Sleeping          |     1 |     4 |     2 ||     7
       Distracted        |       |     1 |       ||     1
       Confused          |       |     1 |     7 ||     8
       Paralysed         |       |       |     1 ||     1
  Eat: Chunk             |       |    12 |    18 ||    30
       Fruit             |       |     1 |     1 ||     2
       Beef jerky        |       |       |     1 ||     1
